AoeStats
← The Scampy

MegaRandom

510138480Analyzed
4v4 RM · 18h ago on Sep 29, 2026· 29m 57s· 8 players
Game mode
Random Map
Map size
Large (8 player)
Population
200
Speed
Normal
Resources
Standard
Victory
Conquest
Starting age
Dark Age
Ending age
Imperial Age
RankedLock teamsTeams togetherTeam positionsShared explorationLock speedFull tech treeHidden civsTurbo modeCheats
Victory
Defeat
🇩🇪 Wei · Germany
884
+15
🇩🇪 Magyars · Germany
879
+15
🇩🇪 Huns · Germany
877
+15
🇩🇪 Hindustanis · Germany
860
+16
🇷🇺 Poles · Russia
892
-18
🇨🇿 Aztecs · Czechia
857
-15
🇪🇸 Khitans · Spain
851
-15
🇨🇿 Bohemians · Czechia
808
-13
Jundorff
2:15 Loom
12:32 Feudal Age
14:33 Wheelbarrow
17:17 Castle Age
16:29 Scale Mail Armor
16:40 Forging
19:46 Hand Cart
24:33 Fletching
RaBsarge
12:00 Feudal Age
10:16 Loom
13:56 Double-Bit Axe
17:52 Castle Age
17:35 Horse Collar
19:56 Fletching
20:08 Padded Archer Armor
24:36 Pikeman
25:53 Elite Skirmisher
fer_es_merengue9
7:55 Loom
11:11 Feudal Age
12:45 Double-Bit Axe
17:49 Castle Age
17:39 Forging
17:34 Scale Barding Armor
18:42 Scale Barding Armor
24:40 Domestication
27:05 Bow Saw
27:10 Pastoralism
29:01 Husbandry
unknxwwwn
11:53 Feudal Age
12:19 Horse Collar
12:26 Double-Bit Axe
20:54 Castle Age
19:35 Gold Mining
19:36 Stone Mining
22:48 Heavy Plow
23:04 Bow Saw
24:20 Wheelbarrow
24:57 Scale Barding Armor
24:52 Scale Mail Armor
25:02 Forging
28:32 Szlachta Privileges
28:30 Husbandry
29:37 Murder Holes
29:22 Treadmill Crane
The Scampy
6:24 Loom
10:29 Feudal Age
16:40 Castle Age
18:41 Double-Bit Axe
26:49 Stone Mining
xy
10:26 Feudal Age
12:08 Double-Bit Axe
13:52 Horse Collar
15:24 Bloodlines
15:57 Scale Barding Armor
21:47 Castle Age
21:15 Loom
24:36 Fletching
Red_Tiger
3:28 Loom
12:31 Feudal Age
18:16 Castle Age
17:56 Double-Bit Axe
19:16 Scale Barding Armor
20:30 Town Watch
21:04 Horse Collar
22:37 Elite Skirmisher
25:53 Bloodlines
26:15 Light Cavalry
27:16 Fletching
28:20 Wheelbarrow
29:58 Ballistics
fylla
9:12 Loom
10:58 Feudal Age
11:55 Double-Bit Axe
12:02 Gold Mining
11:54 Horse Collar
19:13 Castle Age
18:25 Fletching
20:02 Stone Mining
20:32 Bloodlines
21:24 Gold Shaft Mining
21:03 Bow Saw
20:55 Heavy Plow
21:59 Bodkin Arrow
22:25 Husbandry
25:46 Wheelbarrow
25:44 Treadmill Crane
26:38 Ballistics
Connection lost

Rejoining the realm…

Still unreachable

The connection could not be restored.

Session expired

The server has moved on; the page needs a fresh start.